General information
- name: BNet
- type: Ladder team game (AT/RT)
- host: Battle.net
- saver: curt-schilling-
map: Slalom
- players: 8
- length: 61:06
- speed: Fast
- version: 1.26 W3XP
- replay type: Public
» download(294 KB)
Players
team 1 (winner)

»
macbeth.SUCKS (
orange | 35 APM | 961 actions | 27:19)
3 Tauren Chieftain
1 War Stomp
2 Endurance Aura
1 Shadow Hunter
1 Healing Wave
1 Beastmaster
1 Summon Bear
» actions
| Assign group hotkey | 8 | |
| Basic commands | 40 | |
| Build / train | 63 | |
| Enter build submenu | 26 | |
| Enter hero's abilities submenu | 5 | |
| Give item / drop item | 5 | |
| Remove unit from queue | 1 | |
| Right click | 477 | |
| Select / deselect | 235 | |
| Select group hotkey | 52 | |
| Use ability | 49 | |
961 total
» units
» upgrades
| Spiked Barricades | 3 | |
| Burning Oil | 1 | |
| Ranged Weapons | 2 | |
| Armor | 2 | |
| Reinforced Defenses | 1 | |
9 total
» buildings
| Altar of Storms | 1 | |
| Orc Burrow | 8 | |
| Barracks | 1 | |
| War Mill | 1 | |
| Voodoo Lounge | 1 | |
| Watch Tower | 5 | |
| Stronghold | 1 | |
| Great Hall | 1 | |
| Fortress | 1 | |
20 total
» build order
00:24 Altar of Storms
00:41 Orc Burrow
00:54 Barracks
02:49 War Mill
02:56 Voodoo Lounge
02:59 Orc Burrow
03:01 Orc Burrow
05:23 Orc Burrow
05:25 Orc Burrow
05:33 Watch Tower
05:35 Stronghold
06:24 Great Hall
06:29 Orc Burrow
06:34 Orc Burrow
06:57 Watch Tower
07:47 Orc Burrow
08:12 Fortress
08:15 Watch Tower
09:21 Watch Tower
12:20 Watch Tower
» items
| Scroll of Speed | 1 | |
| Potion of Healing | 1 | |
| Healing Salve | 1 | |
| Potion of Mana | 1 | |
| Periapt of Vitality | 1 | |
| Circlet of Nobility | 2 | |
| Boots of Speed | 2 | |
| Scroll of Protection | 1 | |
| Scroll of Healing | 1 | |
| Scroll of Town Portal | 1 | |
| Orb of Venom | 5 | |
| Orb of Lightning | 1 | |
18 total
curt-schilling- (
teal | 56 APM | 3441 actions | 61:06)
7 Blademaster
3 Wind Walk
3 Critical Strike
1 Bladestorm
7 Shadow Hunter
2 Hex
3 Healing Wave
1 Serpent Ward
1 Big Bad Voodoo
1 Beastmaster
1 Summon Hawk
2 Keeper of the Grove
1 Entangling Roots
1 Tranquility
» actions
| Assign group hotkey | 38 | |
| Basic commands | 9 | |
| Build / train | 115 | |
| Enter build submenu | 44 | |
| Enter hero's abilities submenu | 18 | |
| Give item / drop item | 14 | |
| Remove unit from queue | 2 | |
| Right click | 1419 | |
| Select / deselect | 396 | |
| Select group hotkey | 1088 | |
| Use ability | 298 | |
3441 total
» units
| Peon | 30 | |
| Grunt | 4 | |
| Raider | 5 | |
| Wind Rider | 1 | |
| Troll Batrider | 16 | |
56 total
» upgrades
| Melee Weapons | 3 | |
| Ensnare | 1 | |
| Armor | 3 | |
| Reinforced Defenses | 1 | |
| Ranged Weapons | 3 | |
| Envenomed Spears | 1 | |
| Liquid Fire | 2 | |
| Burning Oil | 1 | |
| Troll Regeneration | 1 | |
| Spiked Barricades | 1 | |
17 total
» buildings
| Altar of Storms | 1 | |
| Orc Burrow | 9 | |
| Barracks | 1 | |
| War Mill | 2 | |
| Voodoo Lounge | 2 | |
| Stronghold | 2 | |
| Great Hall | 3 | |
| Watch Tower | 105 | |
| Beastiary | 4 | |
| Fortress | 2 | |
131 total
» build order
00:12 Altar of Storms
00:20 Orc Burrow
00:36 Barracks
01:25 Orc Burrow
02:31 War Mill
02:44 Voodoo Lounge
03:28 Stronghold
04:01 Great Hall
05:20 Watch Tower
05:21 Watch Tower
05:21 Watch Tower
05:23 Watch Tower
05:25 Watch Tower
05:25 Watch Tower
05:25 Watch Tower
06:15 Orc Burrow
06:47 Watch Tower
06:48 Watch Tower
07:29 Watch Tower
07:30 Watch Tower
07:49 Beastiary
07:50 Beastiary
08:19 Watch Tower
09:01 Fortress
09:02 Fortress
09:31 Orc Burrow
09:35 Orc Burrow
11:43 Great Hall
11:51 Watch Tower
11:51 Watch Tower
11:51 Watch Tower
11:52 Watch Tower
11:53 Watch Tower
11:53 Watch Tower
11:54 Watch Tower
11:54 Watch Tower
13:12 Watch Tower
13:12 Watch Tower
13:13 Watch Tower
13:13 Watch Tower
15:12 Watch Tower
15:12 Watch Tower
15:12 Watch Tower
15:13 Watch Tower
15:13 Watch Tower
15:13 Watch Tower
15:14 Watch Tower
15:15 Watch Tower
15:47 Voodoo Lounge
16:36 Watch Tower
16:36 Watch Tower
16:37 Watch Tower
16:37 Watch Tower
17:57 Watch Tower
17:57 Watch Tower
17:58 Watch Tower
17:58 Watch Tower
17:59 Watch Tower
17:59 Watch Tower
18:06 Watch Tower
18:07 Watch Tower
19:07 Watch Tower
19:07 Watch Tower
19:08 Watch Tower
21:29 Great Hall
21:48 Watch Tower
21:48 Watch Tower
22:05 Watch Tower
22:26 Watch Tower
22:26 Watch Tower
22:37 War Mill
23:08 Watch Tower
23:08 Watch Tower
23:08 Watch Tower
23:34 Orc Burrow
23:34 Orc Burrow
25:49 Beastiary
25:50 Beastiary
26:44 Watch Tower
26:44 Watch Tower
26:45 Watch Tower
26:46 Watch Tower
26:47 Watch Tower
26:48 Watch Tower
26:49 Watch Tower
28:11 Watch Tower
28:11 Watch Tower
28:13 Watch Tower
28:13 Watch Tower
28:14 Watch Tower
28:15 Watch Tower
28:16 Watch Tower
30:15 Watch Tower
30:15 Watch Tower
30:16 Watch Tower
30:16 Watch Tower
30:16 Watch Tower
30:18 Watch Tower
30:20 Watch Tower
30:20 Watch Tower
34:34 Watch Tower
34:34 Watch Tower
34:36 Watch Tower
35:44 Watch Tower
35:45 Watch Tower
35:45 Watch Tower
35:46 Watch Tower
35:46 Watch Tower
35:47 Watch Tower
35:47 Watch Tower
35:47 Watch Tower
36:08 Watch Tower
36:08 Watch Tower
36:08 Watch Tower
36:09 Watch Tower
36:09 Watch Tower
36:10 Watch Tower
36:10 Watch Tower
36:10 Watch Tower
43:14 Watch Tower
43:14 Watch Tower
43:14 Watch Tower
43:15 Watch Tower
43:15 Watch Tower
43:16 Watch Tower
43:16 Watch Tower
43:17 Watch Tower
43:19 Orc Burrow
44:50 Orc Burrow
» items
| Healing Salve | 5 | |
| Staff of Teleportation | 2 | |
| Potion of Lesser Invulnerability | 1 | |
| Scroll of Healing | 2 | |
| Orb of Lightning | 1 | |
| Scroll of Town Portal | 2 | |
| Potion of Invisibility | 1 | |
14 total
AMightyFortress (
blue | 42 APM | 1842 actions | 44:02)
4 Keeper of the Grove
2 Entangling Roots
1 Force of Nature
1 Thorns Aura
3 Priestess of the Moon
1 Searing Arrows
2 Trueshot Aura
1 Tauren Chieftain
1 War Stomp
» actions
| Basic commands | 89 | |
| Build / train | 93 | |
| ESC pressed | 7 | |
| Enter build submenu | 26 | |
| Enter hero's abilities submenu | 8 | |
| Right click | 966 | |
| Select / deselect | 551 | |
| Use ability | 102 | |
1842 total
» units
| Wisp | 16 | |
| Huntress | 5 | |
| Druid of the Claw | 18 | |
| Ice Troll Berserker | 1 | |
| Nerubian Webspinner | 1 | |
| Mountain Giant | 10 | |
| Chimaera | 2 | |
53 total
» upgrades
| Strength of the Wild | 3 | |
| Ultravision | 1 | |
| Druid of the Claw Training | 2 | |
| Mark of the Claw | 1 | |
| Upgrade Moon Glaive | 1 | |
| Sentinel | 1 | |
| Reinforced Hides | 3 | |
| Hardened Skin | 1 | |
| Resistant Skin | 1 | |
| Well Spring | 1 | |
| Moon Armor | 2 | |
| Strength of the Moon | 2 | |
| Corrosive Breath | 1 | |
20 total
» buildings
| Moon Well | 8 | |
| Altar of Elders | 1 | |
| Tree of Ages | 1 | |
| Ancient of War | 1 | |
| Hunter's Hall | 1 | |
| Ancient of Wonders | 1 | |
| Tree of Eternity | 1 | |
| Ancient of Lore | 2 | |
| Tree of Life | 1 | |
| Ancient Protector | 3 | |
| Ancient of Wind | 1 | |
| Beastiary | 1 | |
| Chimaera Roost | 1 | |
23 total
» build order
00:12 Moon Well
00:18 Altar of Elders
00:52 Moon Well
02:22 Tree of Ages
02:28 Ancient of War
03:11 Hunter's Hall
04:25 Ancient of Wonders
04:56 Tree of Eternity
05:22 Ancient of Lore
05:37 Ancient of Lore
07:38 Moon Well
08:39 Moon Well
10:38 Tree of Life
12:25 Moon Well
13:25 Ancient Protector
22:27 Ancient Protector
22:31 Ancient Protector
22:35 Moon Well
29:52 Ancient of Wind
32:54 Beastiary
36:38 Chimaera Roost
38:33 Moon Well
41:43 Moon Well
» items
| Orb of Venom | 3 | |
| Scroll of Town Portal | 3 | |
| Periapt of Vitality | 1 | |
| Potion of Healing | 1 | |
8 total
hempmeh (
red | 30 APM | 1296 actions | 43:05)
4 Priestess of the Moon
2 Searing Arrows
1 Trueshot Aura
1 Scout
1 Keeper of the Grove
1 Entangling Roots
» actions
| Assign group hotkey | 27 | |
| Basic commands | 57 | |
| Build / train | 82 | |
| Enter build submenu | 21 | |
| Enter hero's abilities submenu | 5 | |
| Right click | 618 | |
| Select / deselect | 307 | |
| Select group hotkey | 82 | |
| Use ability | 97 | |
1296 total
» units
| Wisp | 25 | |
| Archer | 7 | |
| Huntress | 5 | |
| Glaive Thrower | 4 | |
| Dryad | 3 | |
| Hippogryph | 1 | |
| Chimaera | 4 | |
| Demolisher | 4 | |
53 total
» upgrades
| Strength of the Moon | 1 | |
| Moon Armor | 1 | |
| Sentinel | 1 | |
| Improved Bows | 1 | |
| Strength of the Wild | 2 | |
| Reinforced Hides | 3 | |
| Abolish Magic | 1 | |
| Druid of the Claw Training | 2 | |
| Hippogryph Taming | 1 | |
| Vorpal Blades | 1 | |
| Upgrade Moon Glaive | 1 | |
| Marksmanship | 1 | |
| Corrosive Breath | 1 | |
| Well Spring | 1 | |
18 total
» buildings
| Moon Well | 8 | |
| Altar of Elders | 1 | |
| Ancient of War | 2 | |
| Hunter's Hall | 1 | |
| Tree of Ages | 1 | |
| Tree of Life | 1 | |
| Ancient of Lore | 2 | |
| Tree of Eternity | 1 | |
| Ancient of Wind | 2 | |
| Chimaera Roost | 2 | |
| Ancient Protector | 12 | |
33 total
» build order
00:09 Moon Well
00:11 Altar of Elders
00:40 Ancient of War
01:19 Moon Well
01:59 Ancient of War
03:27 Hunter's Hall
03:30 Moon Well
05:35 Tree of Ages
05:38 Moon Well
07:36 Tree of Life
09:03 Ancient of Lore
09:04 Ancient of Lore
13:16 Tree of Eternity
13:28 Ancient of Wind
13:33 Ancient of Wind
16:11 Chimaera Roost
16:13 Chimaera Roost
18:19 Moon Well
18:20 Moon Well
18:25 Moon Well
23:43 Moon Well
30:52 Ancient Protector
30:54 Ancient Protector
30:55 Ancient Protector
30:58 Ancient Protector
31:02 Ancient Protector
31:03 Ancient Protector
31:06 Ancient Protector
31:06 Ancient Protector
31:07 Ancient Protector
31:10 Ancient Protector
31:15 Ancient Protector
31:16 Ancient Protector
» items
| Scroll of Town Portal | 1 | |
| Tiny Great Hall | 1 | |
2 total
team 2 (loser)
TheColdSun (
pink | 51 APM | 3128 actions | 61:06)
7 Archmage
3 Summon Water Elemental
3 Brilliance Aura
1 Mass Teleport
3 Mountain King
2 Storm Bolt
1 Bash
1 Blood Mage
1 Flame Strike
» actions
| Assign group hotkey | 136 | |
| Basic commands | 270 | |
| Build / train | 119 | |
| Enter build submenu | 99 | |
| Enter hero's abilities submenu | 11 | |
| Give item / drop item | 5 | |
| Remove unit from queue | 1 | |
| Right click | 1136 | |
| Select / deselect | 729 | |
| Select group hotkey | 308 | |
| Use ability | 314 | |
3128 total
» units
| Peasant | 32 | |
| Footman | 5 | |
| Mortar Team | 3 | |
| Gryphon Rider | 1 | |
41 total
» upgrades
| Lumber Harvesting | 2 | |
| Masonry | 3 | |
| Fragmentation Shards | 1 | |
| Gunpowder | 3 | |
| Armor | 3 | |
| Flare | 1 | |
| Animal War Training | 1 | |
| Swords | 3 | |
| Magic Sentry | 1 | |
| Storm Hammers | 1 | |
| Cloud | 1 | |
20 total
» buildings
| Altar of Kings | 2 | |
| Barracks | 1 | |
| Farm | 9 | |
| Keep | 2 | |
| Town Hall | 3 | |
| Lumber Mill | 4 | |
| Scout Tower | 115 | |
| Guard Tower | 32 | |
| Arcane Sanctum | 1 | |
| Arcane Vault | 2 | |
| Castle | 1 | |
| Blacksmith | 2 | |
| Workshop | 5 | |
| Gryphon Aviary | 11 | |
190 total
» build order
00:40 Altar of Kings
00:41 Barracks
00:54 Farm
01:12 Farm
01:14 Farm
02:12 Farm
04:44 Keep
04:47 Town Hall
04:56 Lumber Mill
07:22 Town Hall
08:49 Scout Tower
08:51 Scout Tower
08:53 Scout Tower
08:56 Scout Tower
08:58 Scout Tower
08:59 Scout Tower
09:01 Scout Tower
09:02 Scout Tower
10:04 Scout Tower
10:05 Scout Tower
10:06 Scout Tower
10:09 Guard Tower
10:14 Guard Tower
10:52 Guard Tower
10:54 Scout Tower
10:55 Scout Tower
10:56 Scout Tower
10:59 Scout Tower
11:12 Guard Tower
11:13 Scout Tower
11:14 Scout Tower
11:15 Scout Tower
12:09 Scout Tower
12:09 Scout Tower
12:10 Scout Tower
12:10 Scout Tower
12:11 Scout Tower
12:12 Scout Tower
12:42 Scout Tower
12:43 Scout Tower
12:44 Scout Tower
12:45 Scout Tower
12:46 Scout Tower
12:48 Scout Tower
12:49 Scout Tower
12:50 Scout Tower
12:53 Scout Tower
12:54 Scout Tower
12:56 Scout Tower
12:57 Scout Tower
13:14 Guard Tower
13:24 Scout Tower
13:27 Scout Tower
13:28 Scout Tower
13:31 Scout Tower
13:33 Scout Tower
13:34 Scout Tower
13:37 Scout Tower
13:38 Scout Tower
13:39 Scout Tower
13:40 Scout Tower
13:40 Scout Tower
13:42 Scout Tower
13:43 Scout Tower
13:44 Scout Tower
13:45 Scout Tower
13:49 Arcane Sanctum
13:55 Lumber Mill
13:58 Lumber Mill
14:03 Guard Tower
14:06 Scout Tower
14:07 Scout Tower
14:08 Scout Tower
14:10 Guard Tower
14:24 Guard Tower
14:30 Guard Tower
14:39 Guard Tower
15:18 Guard Tower
15:30 Scout Tower
15:31 Scout Tower
15:32 Scout Tower
15:49 Guard Tower
15:54 Arcane Vault
16:13 Guard Tower
16:16 Scout Tower
16:28 Scout Tower
16:29 Scout Tower
16:34 Scout Tower
16:34 Scout Tower
16:35 Scout Tower
16:37 Guard Tower
16:39 Guard Tower
16:41 Scout Tower
16:42 Scout Tower
16:43 Scout Tower
16:43 Scout Tower
16:44 Scout Tower
16:45 Scout Tower
16:48 Scout Tower
17:06 Guard Tower
17:32 Guard Tower
17:33 Scout Tower
17:56 Scout Tower
17:57 Scout Tower
17:58 Scout Tower
17:59 Scout Tower
17:59 Scout Tower
18:01 Scout Tower
18:03 Guard Tower
18:07 Castle
18:19 Guard Tower
18:37 Guard Tower
18:55 Guard Tower
19:15 Blacksmith
19:16 Blacksmith
19:24 Guard Tower
19:49 Scout Tower
19:50 Scout Tower
19:54 Scout Tower
19:56 Scout Tower
19:58 Scout Tower
20:00 Scout Tower
20:01 Scout Tower
20:24 Scout Tower
20:26 Scout Tower
20:27 Scout Tower
20:28 Scout Tower
20:29 Scout Tower
20:30 Scout Tower
20:31 Scout Tower
20:33 Scout Tower
20:38 Guard Tower
20:41 Scout Tower
20:43 Scout Tower
20:44 Scout Tower
20:46 Scout Tower
20:47 Scout Tower
20:49 Scout Tower
20:49 Scout Tower
20:50 Scout Tower
20:52 Scout Tower
20:53 Scout Tower
20:54 Scout Tower
20:56 Scout Tower
20:57 Scout Tower
20:59 Guard Tower
22:00 Guard Tower
22:08 Guard Tower
22:11 Guard Tower
22:22 Workshop
22:23 Workshop
22:24 Workshop
22:24 Workshop
22:25 Workshop
22:32 Farm
22:32 Farm
22:32 Farm
22:50 Arcane Vault
23:21 Guard Tower
24:27 Altar of Kings
25:01 Lumber Mill
25:48 Scout Tower
25:48 Scout Tower
25:49 Scout Tower
25:51 Scout Tower
25:52 Scout Tower
25:52 Scout Tower
25:53 Scout Tower
25:53 Scout Tower
25:55 Scout Tower
25:56 Scout Tower
26:39 Guard Tower
26:50 Guard Tower
26:52 Guard Tower
27:38 Guard Tower
28:50 Farm
28:50 Farm
31:37 Town Hall
33:49 Gryphon Aviary
33:49 Gryphon Aviary
33:50 Gryphon Aviary
33:50 Gryphon Aviary
33:51 Gryphon Aviary
33:54 Gryphon Aviary
33:55 Gryphon Aviary
33:59 Gryphon Aviary
34:01 Gryphon Aviary
34:04 Gryphon Aviary
34:06 Gryphon Aviary
36:49 Keep
» items
| Scroll of Town Portal | 1 | |
| Boots of Speed | 1 | |
| Periapt of Vitality | 2 | |
| Staff of Teleportation | 2 | |
| Potion of Lesser Invulnerability | 2 | |
8 total
FUXSUHDUXS2 (
green | 23 APM | 1392 actions | 61:06)
5 Death Knight
1 Death Pact
3 Death Coil
1 Unholy Aura
2 Paladin
1 Holy Light
1 Resurrection
2 Blood Mage
1 Siphon Mana
1 Flame Strike
1 Warden
1 Spirit of Vengeance
» actions
| Basic commands | 1 | |
| Build / train | 84 | |
| Enter build submenu | 20 | |
| Enter hero's abilities submenu | 10 | |
| Give item / drop item | 2 | |
| Right click | 793 | |
| Select / deselect | 414 | |
| Use ability | 68 | |
1392 total
» units
| Acolyte | 3 | |
| Ghoul | 2 | |
| Crypt Fiend | 20 | |
| Chimaera | 3 | |
| Flying Machine | 19 | |
47 total
» upgrades
| Creature Attack | 3 | |
| Creature Carapace | 3 | |
| Web | 1 | |
| Burrow | 1 | |
| Strength of the Wild | 3 | |
| Corrosive Breath | 1 | |
| Reinforced Hides | 2 | |
| Flak Cannons | 1 | |
| Flying Machine Bombs | 1 | |
16 total
» buildings
| Crypt | 1 | |
| Graveyard | 1 | |
| Ziggurat | 5 | |
| Altar of Darkness | 1 | |
| Tomb of Relics | 1 | |
| Halls of the Dead | 1 | |
| Black Citadel | 1 | |
| Sacrificial Pit | 1 | |
| Ancient of Wind | 3 | |
| Chimaera Roost | 6 | |
| Town Hall | 1 | |
22 total
» build order
01:16 Crypt
01:22 Graveyard
01:30 Ziggurat
01:34 Altar of Darkness
01:39 Tomb of Relics
01:52 Ziggurat
02:06 Ziggurat
04:43 Halls of the Dead
05:01 Ziggurat
06:15 Ziggurat
12:08 Black Citadel
17:04 Sacrificial Pit
26:49 Ancient of Wind
26:51 Ancient of Wind
26:59 Ancient of Wind
28:45 Chimaera Roost
28:48 Chimaera Roost
28:50 Chimaera Roost
28:52 Chimaera Roost
28:55 Chimaera Roost
28:58 Chimaera Roost
30:54 Town Hall
» items
| Boots of Speed | 1 | |
| Circlet of Nobility | 1 | |
| Potion of Healing | 1 | |
| Scroll of Town Portal | 2 | |
5 total

»
fujoseph123 (
yellow | 49 APM | 1290 actions | 26:29)
4 Warden
2 Fan of Knives
2 Blink
2 Goblin Alchemist
1 Healing Spray
1 Chemical Rage
2 Demon Hunter
1 Evasion
1 Mana Burn
» actions
| Assign group hotkey | 6 | |
| Basic commands | 18 | |
| Build / train | 72 | |
| Enter build submenu | 41 | |
| Enter hero's abilities submenu | 8 | |
| Give item / drop item | 4 | |
| Right click | 678 | |
| Select / deselect | 299 | |
| Select group hotkey | 36 | |
| Use ability | 127 | |
1290 total
» units
» upgrades
| Nature's Blessing | 1 | |
| Ultravision | 1 | |
| Well Spring | 1 | |
3 total
» buildings
| Moon Well | 20 | |
| Altar of Elders | 1 | |
| Tree of Ages | 2 | |
| Ancient of Wonders | 2 | |
| Hunter's Hall | 1 | |
| Ancient Protector | 24 | |
| Tree of Eternity | 1 | |
| Tree of Life | 2 | |
53 total
» build order
00:13 Moon Well
00:15 Altar of Elders
01:07 Moon Well
01:10 Moon Well
02:08 Moon Well
03:35 Moon Well
03:41 Tree of Ages
04:49 Ancient of Wonders
04:52 Ancient of Wonders
04:55 Hunter's Hall
06:29 Ancient Protector
06:31 Ancient Protector
06:31 Ancient Protector
06:34 Ancient Protector
06:36 Ancient Protector
06:37 Ancient Protector
07:50 Tree of Eternity
08:16 Moon Well
09:36 Tree of Life
13:14 Ancient Protector
13:15 Ancient Protector
13:16 Ancient Protector
13:17 Ancient Protector
13:20 Ancient Protector
13:22 Ancient Protector
16:21 Ancient Protector
16:21 Ancient Protector
16:22 Ancient Protector
16:26 Ancient Protector
16:27 Ancient Protector
17:57 Ancient Protector
18:02 Tree of Life
18:07 Ancient Protector
18:26 Ancient Protector
18:27 Ancient Protector
18:32 Ancient Protector
18:33 Ancient Protector
19:00 Moon Well
19:00 Moon Well
19:01 Moon Well
19:02 Moon Well
19:03 Moon Well
19:03 Moon Well
19:05 Moon Well
19:05 Moon Well
19:06 Moon Well
19:09 Moon Well
19:10 Moon Well
19:10 Moon Well
19:11 Moon Well
19:12 Moon Well
19:27 Ancient Protector
» items
| Boots of Speed | 4 | |
| Periapt of Vitality | 1 | |
| Staff of Teleportation | 6 | |
| Orb of Venom | 2 | |
| Scroll of Town Portal | 1 | |
| Circlet of Nobility | 1 | |
| Potion of Invisibility | 1 | |
| Potion of Lesser Invulnerability | 2 | |
18 total
X9O5-ANON (
purple | 34 APM | 898 actions | 26:41)
3 Paladin
1 Devotion Aura
1 Divine Shield
1 Holy Light
2 Mountain King
1 Storm Bolt
1 Thunder Clap
1 Blood Mage
1 Siphon Mana
» actions
| Build / train | 72 | |
| Enter build submenu | 33 | |
| Enter hero's abilities submenu | 6 | |
| Right click | 447 | |
| Select / deselect | 274 | |
| Use ability | 66 | |
898 total
» units
» upgrades
| Masonry | 2 | |
| Gunpowder | 3 | |
| Plating | 3 | |
| Lumber Harvesting | 2 | |
| Barrage | 1 | |
11 total
» buildings
| Altar of Kings | 1 | |
| Lumber Mill | 1 | |
| Arcane Vault | 2 | |
| Blacksmith | 1 | |
| Farm | 13 | |
| Keep | 1 | |
| Scout Tower | 6 | |
| Castle | 1 | |
| Guard Tower | 5 | |
| Workshop | 3 | |
| Town Hall | 1 | |
35 total
» build order
00:35 Altar of Kings
00:41 Lumber Mill
01:46 Arcane Vault
01:52 Blacksmith
01:56 Farm
02:04 Farm
02:09 Farm
03:21 Farm
03:32 Keep
03:47 Farm
04:06 Farm
04:39 Farm
04:45 Farm
05:13 Scout Tower
06:09 Arcane Vault
06:12 Castle
06:16 Farm
06:45 Guard Tower
06:48 Scout Tower
06:55 Farm
07:08 Farm
07:23 Guard Tower
07:27 Scout Tower
07:38 Farm
07:45 Scout Tower
07:49 Farm
08:45 Guard Tower
08:48 Scout Tower
08:54 Workshop
09:07 Scout Tower
09:13 Workshop
09:37 Guard Tower
09:40 Guard Tower
10:48 Workshop
12:10 Town Hall
» items
| Scroll of Regeneration | 1 | |
| Orb of Fire | 4 | |
| Potion of Healing | 1 | |
| Scroll of Town Portal | 1 | |
7 total
Chat log
(00:07 / All) curt-schilling-: yay this piece of shit map
(00:17 / All) FUXSUHDUXS2: to bad curt retired
(00:20 / All) macbeth.SUCKS: yoooo negative nelly teal over here
(00:26 / All) fujoseph123: this map is amazing
(00:28 / All) FUXSUHDUXS2: randy johnsons gone
(00:29 / All) curt-schilling-: his compnay just collapsed
(00:36 / All) FUXSUHDUXS2: wat?
(00:45 / All) curt-schilling-: ccurt had a video game company and it went belly up
(01:00 / All) fujoseph123: heroes only
(01:13 / All) fujoseph123: teehee
(02:22 / Allies) curt-schilling-: somebody tower that
(03:32 / All) FUXSUHDUXS2: i miss my 90s phillies
(03:39 / All) FUXSUHDUXS2: nails
(03:52 / Allies) curt-schilling-: wood
(05:29 / Allies) AMightyFortress: units?
(05:52 / Allies) curt-schilling-: more wood
(07:31 / Allies) macbeth.SUCKS: red can i have clawz? ill pay u !
(07:34 / Allies) curt-schilling-: wood guys
(08:14 / Allies) hempmeh: share blue
(10:26 / All) fujoseph123: fuclu red
(10:34 / All) fujoseph123: KILL THE MOFO CREEP
(11:11 / All) fujoseph123: GREEN U FUCKIGN FAGGOT
(11:15 / Allies) curt-schilling-: protect
(11:17 / All) fujoseph123: STFU
(11:28 / All) fujoseph123: STFU U LITTLE BITCH
(11:34 / All) curt-schilling-: whats happening?
(11:34 / All) fujoseph123: MACBETH IS DOIGN THE SAME SHIT
(11:41 / All) fujoseph123: SO IF WE LOSE
(11:46 / All) fujoseph123: TIS CAUSE YOURE FUCKIGN SHIT
(11:58 / All) FUXSUHDUXS2: yellow is a no unit nigger
(12:09 / All) fujoseph123: its like hes retarded
(12:11 / All) macbeth.SUCKS: yea fuck you yellow!!~
(12:36 / Allies) curt-schilling-: stay
(13:01 / Allies) curt-schilling-: little more wood? jus a few more for towers
(13:22 / Allies) curt-schilling-: protect my 2nd expo
(13:24 / Allies) curt-schilling-: and we win
(13:50 / Allies) curt-schilling-: creep that
(13:50 / Allies) macbeth.SUCKS: gold?
(14:13 / All) fujoseph123: BACK U RETARD
(14:13 / Allies) macbeth.SUCKS: build shop!
(14:25 / All) fujoseph123: GREEN U FUCK
(14:43 / Allies) curt-schilling-: attack top
(14:46 / Allies) macbeth.SUCKS: gold?!?!1
(14:47 / Allies) curt-schilling-: b
(14:47 / Allies) curt-schilling-: b
(14:48 / Allies) curt-schilling-: b
(14:51 / Allies) curt-schilling-: get back
(14:54 / Allies) curt-schilling-: b
(14:54 / Allies) curt-schilling-: b
(15:56 / Allies) curt-schilling-: im making shop
(15:57 / Allies) curt-schilling-: so heal up
(16:21 / Allies) curt-schilling-: watch ur hero red
(16:38 / Allies) AMightyFortress: hjeal me
(16:45 / Allies) curt-schilling-: heal at shop
(17:00 / Allies) curt-schilling-: wood so i can tower top now
(17:47 / Allies) curt-schilling-: last time ill ask for wood
(17:52 / Allies) curt-schilling-: need to tower more up tpo;
(18:38 / Allies) curt-schilling-: heal ur heros
(18:42 / Allies) macbeth.SUCKS: attack
(18:56 / All) macbeth.SUCKS: FUCK U GREEN
(19:00 / All) macbeth.SUCKS: noob play
(19:42 / Allies) curt-schilling-: tp
(19:54 / Allies) curt-schilling-: TP
(19:54 / Allies) curt-schilling-: TP
(20:54 / Allies) curt-schilling-: STAY HERE
(20:57 / Allies) curt-schilling-: we have to defend this
(21:03 / Allies) curt-schilling-: wood so i can tower up
(21:18 / Allies) hempmeh: PULTS
(21:42 / Allies) macbeth.SUCKS: move ups
(21:45 / Allies) macbeth.SUCKS: so demos can hit
(21:46 / All) fujoseph123: green ur such a fag
(21:47 / All) fujoseph123: legit
(21:52 / All) fujoseph123: lik eoj isnt getting men
(21:54 / All) fujoseph123: either
(21:57 / All) fujoseph123: oooh
(21:58 / All) fujoseph123: i get it
(22:00 / All) fujoseph123: on your period
(22:03 / All) fujoseph123: okay no prob bro
(22:05 / All) macbeth.SUCKS: ya i aint getting men, relax green
(22:13 / All) fujoseph123: stfu
(22:15 / All) curt-schilling-: u guys fighting?
(22:17 / All) macbeth.SUCKS: come down equal advantage
(22:18 / All) fujoseph123: i ddint say u can talk
(22:27 / All) fujoseph123: dont talk unless i tell you to
(22:36 / All) FUXSUHDUXS2: fuku yellow
(22:40 / All) fujoseph123: godo comeback
(22:40 / All) FUXSUHDUXS2: nigger
(22:53 / All) macbeth.SUCKS: ur the nigger, green
(22:58 / Allies) curt-schilling-: b
(22:59 / Allies) curt-schilling-: bb
(23:00 / Allies) curt-schilling-: b
(23:08 / All) FUXSUHDUXS2: oj u are just a dikfaced cunt
(23:15 / All) fujoseph123: GREEN
(23:19 / All) fujoseph123: I DIDNT GIVE YOU LEAVE TO TALK
(23:21 / All) macbeth.SUCKS: ur a sore loser
(23:22 / All) fujoseph123: WE'VE BEEN OVER THIS
(23:28 / All) FUXSUHDUXS2: suk it asshole
(23:37 / All) FUXSUHDUXS2: dumb fukin tart
(23:39 / All) fujoseph123: you gonna fuck suck your bf's dick?
(23:41 / All) macbeth.SUCKS: lol
(23:42 / All) fujoseph123: cute
(23:48 / All) FUXSUHDUXS2: u are my bf
(23:56 / All) FUXSUHDUXS2: my little bitch
(24:00 / All) fujoseph123: ARMED AND FAGGEROUS, AINT TOO MUCH FAGS THAT CAN BANG GREEN
(24:05 / Allies) curt-schilling-: b
(24:06 / Allies) curt-schilling-: b
(24:13 / All) macbeth.SUCKS: lol
(24:13 / All) fujoseph123: gr
(25:48 / All) fujoseph123: WOW
(25:55 / All) fujoseph123: DOESNT AFFECT FLAIVES
(26:25 / All) fujoseph123: fuck this
(26:31 / All) FUXSUHDUXS2: fuku
(26:55 / Allies) curt-schilling-: im gonna tower our bases i think they might get bats
(26:56 / Allies) curt-schilling-: ok?
(29:04 / Allies) hempmeh: PLS
(29:08 / Allies) hempmeh: NO MAN3
(29:11 / Allies) AMightyFortress: no help
(29:55 / Allies) hempmeh: TOWERS
(30:15 / Allies) AMightyFortress: more chims
(30:28 / Allies) AMightyFortress: stop the damm towers
(30:28 / Allies) curt-schilling-: more siege
(30:34 / 5) TheColdSun: I mean did you prevent them from obtaining a large amount of gold?
(32:44 / All) curt-schilling-: which side is winning
(32:49 / All) FUXSUHDUXS2: us
(35:05 / 5) TheColdSun: your team will probably be obliterated
(35:13 / 5) TheColdSun: green is using yellow and purp
(35:14 / 5) TheColdSun: mass chims
(35:16 / 5) TheColdSun: gyros
(35:17 / 5) TheColdSun: tanks
(36:08 / Allies) AMightyFortress: more chimns
(36:15 / 5) TheColdSun: yellow is a puss
(36:19 / 5) TheColdSun: this is the best for hero only
(38:08 / All) curt-schilling-: who the heck is winning
(38:14 / All) FUXSUHDUXS2: us
(39:27 / All) TheColdSun: he's walking his towers inch by inch
(39:36 / Allies) AMightyFortress: weaker
(39:44 / All) TheColdSun: Interesting strategy
(39:48 / All) TheColdSun: I must say it looks retarded
(39:53 / Allies) AMightyFortress: i go pester them
(40:40 / 5) TheColdSun: purple is dangerous
(40:44 / 5) TheColdSun: he asked me to share control
(41:07 / 5) TheColdSun: green I mean
(42:16 / Allies) AMightyFortress: fly chims around
(42:17 / 5) TheColdSun: green coming
(44:14 / 5) TheColdSun: you got air?
(46:21 / 5) TheColdSun: what kind of shit did your team say
(47:36 / All) curt-schilling-: not much at all i think they were confused
(47:53 / All) TheColdSun: lol
(48:43 / 5) TheColdSun: he has no way to build anything
(48:58 / All) FUXSUHDUXS2: every mine is drained
(49:16 / 5) TheColdSun: go around it
(49:50 / All) curt-schilling-: why was yellow pissed at u green
(50:01 / All) FUXSUHDUXS2: he was a know it all
(50:14 / All) curt-schilling-: he got his heros killed and yelled at u tho
(50:16 / All) FUXSUHDUXS2: so i told him to shove it
(50:47 / All) curt-schilling-: i know we played green before
(50:54 / All) TheColdSun: yeah
(50:57 / All) TheColdSun: several times I'd say
(51:00 / All) FUXSUHDUXS2: did we?
(51:04 / All) TheColdSun: Teal and I
(51:11 / All) TheColdSun: We were working in collusion
(51:44 / 5) TheColdSun: kill all on that side
(51:46 / 5) TheColdSun: including my base
(52:17 / All) curt-schilling-: i watched allof lord of the rings this weekend
(52:24 / All) curt-schilling-: i teared up in acouple parts
(52:37 / All) TheColdSun: the third one sucks really
(52:44 / All) curt-schilling-: i always cry when aragorn and all the nobles bow down to the 4 hobbits near the end of 3rd movie
(52:48 / 5) TheColdSun:
(52:50 / All) TheColdSun: yeah
(52:55 / All) TheColdSun: since you stayed
(53:11 / All) TheColdSun: You're the only one left
(53:21 / All) curt-schilling-: green if u leave u get a tie
(53:33 / All) TheColdSun: If you leave he'll have his team lose
(53:36 / All) TheColdSun: if you stay you lose
(53:48 / All) TheColdSun: if you leave you get a tie because he will leave after
(53:49 / All) curt-schilling-: this game was fun
(53:53 / All) TheColdSun: yeah
(53:58 / All) FUXSUHDUXS2: u know what
(54:06 / All) FUXSUHDUXS2: fuk both of u pink
(54:16 / All) FUXSUHDUXS2: fuking asshole
(54:23 / All) curt-schilling-: lawl
(54:31 / All) curt-schilling-: ultimate combo fo rultimates, voodoo and tranquility
(54:50 / All) TheColdSun: That is a good combo
(54:57 / All) curt-schilling-: 2 voodo's
(55:00 / All) TheColdSun: plus paladin level 3 light
(55:02 / All) FUXSUHDUXS2: worthless fuk
(55:12 / All) curt-schilling-: green why are you mad
(55:14 / All) TheColdSun: do they both become invul?
(55:16 / All) curt-schilling-: we ddint do anything wrong
(55:27 / All) FUXSUHDUXS2: cuz pink is giving u the win
(55:34 / All) curt-schilling-: i dont want the win, though
(55:34 / All) TheColdSun: Leave and we'll let you have a tie
(55:36 / All) FUXSUHDUXS2: its bullshit
(55:44 / All) curt-schilling-: i won 1v4 green
(55:58 / All) FUXSUHDUXS2: pink is killing all his shit
(56:03 / All) FUXSUHDUXS2: u didnt win
(56:10 / All) FUXSUHDUXS2: he gave it to u
(56:13 / All) curt-schilling-: i raped ur hero everytime he was away from towers
(56:15 / All) curt-schilling-: green
(56:29 / All) FUXSUHDUXS2: i was mad at yellow
(56:38 / All) FUXSUHDUXS2: thats y i did that
(56:57 / All) curt-schilling-: u need to give credit where credit is due
(57:00 / All) curt-schilling-: i killed ur heros
(57:04 / All) FUXSUHDUXS2: well fuk me
(57:20 / All) FUXSUHDUXS2: just give urself a fukin cookie
(57:59 / All) TheColdSun: leave and you get a tie
(58:05 / All) TheColdSun: because teal will leave causing his team to lose
(58:09 / All) TheColdSun: stay and you definitely get a loss
(58:22 / All) FUXSUHDUXS2: i play to win
(58:27 / All) FUXSUHDUXS2: not to tie
(58:28 / All) TheColdSun: You can't get a win
(58:37 / All) TheColdSun: Take what you can get at this point
(58:38 / All) TheColdSun: up to you
(58:44 / All) TheColdSun: How do you expect to win?
(59:06 / All) TheColdSun: Green
(59:08 / All) FUXSUHDUXS2: i expected u to play
(59:12 / All) TheColdSun: and I kill our last building
(59:14 / All) FUXSUHDUXS2: not be a nigger
(59:16 / All) TheColdSun: 5
(59:17 / All) TheColdSun: 4
(59:18 / All) TheColdSun: 3
(59:19 / All) TheColdSun: 2
(59:20 / All) TheColdSun: 1
(59:32 / All) FUXSUHDUXS2: no honor
(59:58 / All) TheColdSun: No honor?
(60:02 / All) TheColdSun: You sabotaged our team earlier
(60:09 / All) FUXSUHDUXS2: yellow was a penis
(60:14 / All) TheColdSun: so
(60:18 / All) TheColdSun: you are as well
(60:22 / All) FUXSUHDUXS2: nope
(60:28 / All) TheColdSun: So are you going leave/
(60:39 / All) TheColdSun: Have it your way
(60:45 / All) FUXSUHDUXS2: i will
(60:49 / 5) TheColdSun: kill it?
(60:53 / All) curt-schilling-: we will remember ur name green